 Dungeon Crawl Stone Soup version 0.32-a0-975-g85d4e5bfdb (webtiles) character file.

Game seed: 13895773880520029482

33 kae the Changeling (level 3, -1/26 HPs)
             Began as a Demonspawn Shapeshifter on Apr 18, 2024.
             Slain by a ribbon worm (3 damage)
             ... on level 1 of the Dungeon.
             The game lasted 00:00:30 (723 turns).

kae the Changeling (Demonspawn Shapeshifter)         Turns: 723, Time: 00:00:30

Health: -1/26      AC: 12    Str: 14    XL:     3   Next: 12%
Magic:  3/3        EV:  3    Int: 10    God:
Gold:   38         SH:  0    Dex: 14    Spells: 2/2 levels left

rFire   + .          .
                       - Unarmed
rCold   . . .        (no shield)
rNeg    . . .        i - +0 plate armour
rPois   .            (helmet currently unavailable)
rElec   .            (cloak currently unavailable)
rCorr   .            (gloves currently unavailable)
SInv    .            (boots currently unavailable)
Will    .....        (no amulet) Stlth
                     F - ring of protection from fire
HPRegen 0.24/turn    (no ring)
MPRegen 0.08/turn

%: no passive effects
@: beast-form
A: beast (slay +1), icy blue scales 1, powered by pain 1
a: Begin Untransformation


You were on level 1 of the Dungeon.
You were a hulking beast.
You visited 1 branch of the dungeon, and saw 2 of its levels.

You collected 38 gold pieces.


Innate Abilities, Weirdness & Mutations

You are a hulking beast.
Your limbs bulge with bestial killing power. (Slay +1)
You are partially covered in icy blue scales. (AC +2)
You sometimes gain a little power by taking damage.


   Skills:
 - Level 1.0 Fighting
 - Level 1.7 Dodging
 + Level 3.1 Unarmed Combat
 * Level 3.4 Shapeshifting


You had 2 spell levels left.
You didn't know any spells.
Your spell library was empty.

Inventory:

Missiles
 m - 12 stones (quivered)
Armour
 a - a +0 animal skin
 i - a +0 plate armour (worn)
   (You found it on level 1 of the Dungeon)
Jewellery
 F - a ring of protection from fire (left hand)
   (You found it on level 1 of the Dungeon)
Talismans
 c - a beast talisman (active)
 d - a flux talisman
Scrolls
 e - a scroll of immolation {unknown}
 f - a scroll of fog {unknown}
 h - 2 scrolls of brand weapon {unknown}
Potions
 b - a potion of lignification {!q}
 g - a potion of curing {unknown}
 j - 2 potions of degeneration {unknown}
 k - a potion of mutation {unknown}
 l - a potion of heal wounds {unknown}
 n - a potion of enlightenment {unknown}

Dungeon Overview and Level Annotations

Branches:
Dungeon (2/15) Zot: 11278

Altars:

#............# #.##
#..#...##....### #.#
#.####.#.......# ##.#####
#..##........#.# #.......
##.......##....########..###..
#....~...................###..
#............#.########.##....
#....~.~~...##†# #.......
#..~~.~.~~≈.#hw# #.......
#..~~.~..~..#### #.......
#.~~.~≈~.~~.# #.#..##.
#..~≈~≈≈~~.## #.#.###.
#....≈≈≈~...# ###.......
#..~~.≈~~...# #.......##
#~..~≈~<~..~# #.###.#.#
#≈...~~~~..~# #.###.#.#
#~~..~~~..~~# #.##..#.#


You could see a ribbon worm (catching breath).


Message History

You hit the hobgoblin.
You kill the hobgoblin!
You see here a hobgoblin corpse.
You see here a frilled lizard skeleton.
Key pressed, stopping explore.
No target in view!
No target in view!
Found a stone staircase leading down.
No target in view!
No target in view!
Done exploring.
No target in view!
No target in view!
Done exploring.
Done exploring.
No target in view!
No target in view!
Done exploring.
There is a stone staircase leading down here.
You climb downwards.
The adder hisses angrily.
There is a stone staircase leading up here.
There are monsters nearby!
Okay, then.
Okay, then.
The ribbon worm expels a string of sticky webbing.
The stream of webbing hits you but does no damage.
You are caught in a web!
There is a web here.
You struggle to detach yourself from the web.
The web tears apart.
The ribbon worm bites you. 😕 HP[-3]
You take 3 damage, and now have 18/21 hp.
There is a stone staircase leading up here. 😕 HP[+1]
The adder bites you.
You are poisoned.
The adder poisons you!
You climb upwards.
You feel sick.
There is a stone staircase leading down here. 😮 HP[-4]
You take 4 damage, and now have 15/21 hp.
Unknown command.
You hit the adder.
You feel sick. The adder barely misses you.
The ribbon worm expels a string of sticky webbing.
The stream of webbing hits you but does no damage.
You are caught in a web!
You are too injured to fight recklessly! 😮 HP[-1]
You take 1 damage, and now have 14/21 hp.
You are too injured to fight recklessly!
You are too injured to fight recklessly!
You are too injured to fight recklessly!
You are too injured to fight recklessly!
You feel sick. The adder bites you but does no damage.
The ribbon worm barely misses you. The adder bites you but does no damage.
Unknown command.
You hit the ribbon worm.
You feel sick. The adder bites you but does no damage.
The ribbon worm bites you.
* * * LOW HITPOINT WARNING * * *
😨 HP[-5]
You take 5 damage, and now have 9/21 hp.
MASSIVE DAMAGE!! (PAUSE)
You hit the ribbon worm.
You feel sick.
You are no longer poisoned.
The adder bites you.
* * * LOW HITPOINT WARNING * * *
The ribbon worm bites you but does no damage. 😨 HP[-3]
You take 3 damage, and now have 6/21 hp.
You hit the adder. The adder bites you.
* * * LOW HITPOINT WARNING * * *
The adder bites you but does no damage.
Unknown command. 😱 HP[-2]
You take 2 damage, and now have 4/21 hp.
You barely miss the adder. The ribbon worm bites you.
* * * LOW HITPOINT WARNING * * *
The adder bites you but does no damage. 😱 HP[-3]
You take 3 damage, and now have 1/21 hp.
Unknown command.
You hit the adder.
You kill the adder!
The ribbon worm bites you but does no damage.
You have reached level 3!
Your experience leads to an increase in your attributes!
Increase (S)trength, (I)ntelligence, or (D)exterity?
You feel agile. x2; Your demonic ancestry asserts itself...
Icy blue scales grow over part of your body. 😱 MP[+1]
You now have 26 max hp (+5).
Your mp is fully restored (3).
You hit the ribbon worm.
The ribbon worm expels a string of sticky webbing.
The stream of webbing hits you but does no damage.
You are caught in a web!
Unknown command. 😱 HP[+1]
You barely miss the ribbon worm. The ribbon worm bites you.
You die...

Skill      XL: |  1  2 |
---------------+-------+-----
Shapeshifting  | 3 |  3.4
Unarmed Combat | 3 |  3.1
Fighting       | |  1.0
Dodging        | |  1.7

Action                     || total
---------------------------++-------
  Melee: Unarmed           ||    54
 Armour: Animal skin       ||    19
         Plate armour      ||    48
  Dodge: Dodged            ||     7

Levels and vault maps discovered:
D:1:      dpeg_arrival_more_subterranean_lakeside_camping, layout_loops_cross
D:2:      layout_loops_ring, serial_undead, serial_undead_b, serial_undead_b,
          serial_undead_d, serial_undead_d, st_stairs_13, uniq_sigmund

Notes
Turn   | Place    | Note
-------+----------+-------------------------------------------
     0 | D:1      | kae the Demonspawn Shapeshifter began the quest for the
                  | Orb.
     0 | D:1      | Reached XP level 1. HP: 15/15 MP: 1/1
     0 | D:1      | magus.rc [v1.11.3]
    67 | D:1      | HP: 3/15 [constriction (1)]
   287 | D:1      | Reached skill level 3 in Shapeshifting
   288 | D:1      | Gained mutation: You sometimes gain a little power by
                  | taking damage. [demonic ancestry]
   288 | D:1      | Reached XP level 2. HP: 19/21 MP: 2/2
   387 | D:1      | Reached skill level 3 in Unarmed Combat
   718 | D:1      | HP: 4/21 [adder (2)]
   719 | D:1      | HP: 1/21 [ribbon worm (4)]
   721 | D:1      | Gained mutation: You are partially covered in icy blue
                  | scales. (AC +2) [demonic ancestry]
   721 | D:1      | Reached XP level 3. HP: 1/26 MP: 3/3
   723 | D:1      | Slain by a ribbon worm

Vanquished Creatures
  An adder (D:1)
  2 dart slugs (D:1)
  A bat (D:1)
  A goblin (D:1)
  4 hobgoblins (D:1)
  A kobold (D:1)
  2 quokkas (D:1)
  2 ball pythons (D:1)
  3 frilled lizards (D:1)
  3 rats (D:1)
20 creatures vanquished.

Table legend:
 A = Non-vault XP
 B = Vault XP
 C = Vault XP percentage of total XP
 D = Non-vault monster count
 E = Vault monster count
 F = Vault count percentage of total count
                 A         B        C        D         E       F
            +---------+---------+-------+---------+---------+-------
      Total |      48 |       0 |   0.0 |      20 |       0 |   0.0
            +---------+---------+-------+---------+---------+-------
        D:1 |      48 |       0 |   0.0 |      20 |       0 |   0.0
            +---------+---------+-------+---------+---------+-------

Skill      XL: |  1  2 |
---------------+-------+-----
Shapeshifting  | 3 |  3.4
Unarmed Combat | 3 |  3.1
Fighting       | |  1.0
Dodging        | |  1.7

Action                     || total
---------------------------++-------
  Melee: Unarmed           ||    54
 Armour: Animal skin       ||    19
         Plate armour      ||    48
  Dodge: Dodged            ||     7

Illustrated notes

Table legend:
 A = Kills in this place as a percentage of kills in the entire game.
 B = Kills by you in this place as a percentage of kills by you in the entire game.
 C = Kills by friends in this place as a percentage of kills by friends in the entire game.
 D = Other kills in this place as a percentage of other kills in the entire game.
 E = Experience gained in this place as a percentage of experience gained in the entire game.
 F = Experience gained in this place divided by the number of levels of this place that you have seen.
                   A       B       C       D       E      F
               +-------+-------+-------+-------+-------+----------------------
         Total | 100.0 | 100.0 |   N/A |   N/A | 100.0 |  24.0
       Dungeon | 100.0 | 100.0 |   N/A |   N/A | 100.0 |  24.0
               +-------+-------+-------+-------+-------+----------------------

Table legend: (Time is in decaauts)
 A = Elapsed time spent in this place.
 B = Non-inter-level travel time spent in this place.
 C = Inter-level travel time spent in this place.
 D = Time resting spent in this place.
 E = Time spent auto-exploring this place.
 F = Levels seen in this place.
 G = Mean time per level.
                   A        B        C        D        E       F      G
               +--------+--------+--------+--------+--------+-----+--------+
         Total |    721 |    717 |      4 |      0 |    564 |   2 |  360.5 |
       Dungeon |    721 |    717 |      4 |      0 |    564 |   2 |  360.5 |
               +--------+--------+--------+--------+--------+-----+--------+

Top non-repeatable levels by time:
     D:1: 714 daAuts
     D:2: 6 daAuts
